cohdb
Replays
Latest Replays
All Replays
Popular Replays
Top Player Replays
Match Explorer
How It Works
Community
CoH3 Stats
Reddit
Sign in to upload your games and track your stats! →
Sign in with Steam
Match 42183106
Unlisted
Match 42183106
Overview
Messages
Build Orders
End
Kradschützen Motorcycle Team
Selects Panzerjäger Kommand Battlegroup
Selects Mine Fields
Panzergrenadier Squad
Panzergrenadier Squad
Panzergrenadier Squad
Construct Light Support Kompanie
2.5-tonne Medical Truck
Selects GrB 39 Grenade Launcher Requisition
Fire Support Elements
Panzerjäger Mechanized Group
Flakvierling Half-track
Selects Defensive Positions
Pak 38 Anti-tank Gun Team
Veteran Squad Leaders
Construct Panzerarmee Kommand
Selects Butterfly Bomb Drop
Firehawk
rpmman99
dan legend
Dylan Il Bellissimo Arrogante
0
0
Comments
sign in to comment!
No comments posted yet!